 Dungeon Crawl Stone Soup version 0.27-a0-279-gdfb9265905 (webtiles) character file.

Game seed: 5109975485771270610

334817 septik the Executioner (level 20, -31/292 HPs)
             Began as a Minotaur Berserker on Jan 31, 2021.
             Was the Champion of Trog.
             Killed from afar by a hellion (34 damage)
             ... with damnation
             ... summoned by a deep elf demonologist
             ... on level 2 of the Depths on Feb 7, 2021.
             The game lasted 03:13:54 (62288 turns).

septik the Executioner (Minotaur Berserker)        Turns: 62288, Time: 03:13:54

Health: -31/292    AC: 32    Str: 32    XL:     20   Next: 95%
Magic:  19/19      EV: 22    Int: 15    God:    Trog [******]
Gold:   3154       SH:  0    Dex: 17    Spells: 19/19 levels left

rFire    + + .     SeeInvis +   y - +1 executioner's axe "Inudeh" {flame, +Blink rF+ Int+3 Dex-5}
rCold    + + +     Faith    +   (shield currently unavailable)
rNeg     . . .     Spirit   .   X - +5 ice dragon scales of Negligence {rF- rC++ rCorr Str+5 Int+4 Dex+4}
rPois    +         Reflect  .   (helmet restricted)
rElec    .         Harm     .   L - +3 cloak of Quesomach {rC+ SInv}
rCorr    +         Rampage  .   D - +2 pair of gloves
Will     +....                  e - +2 pair of boots {run}
Stlth    ..........             u - amulet of faith
HPRegen  0.58/turn              s - ring of Koighiaf {rF+ Slay+4}
MPRegen  0.16/turn              J - ring of Pamp {rPois rF+ Int+4 Dex+4 Stlth+}

@: berserking, slowed, studying Fighting, quick
A: retaliatory headbutt, horns 2
}: 2/15 runes: decaying, serpentine
a: Renounce Religion, Evoke Blink, Berserk, Trog's Hand, Brothers in Arms


You were on level 2 of the Depths.
You worshipped Trog.
Trog was exalted by your worship.
You visited 7 branches of the dungeon, and saw 36 of its levels.
You visited 1 bazaar.
You also visited: Ice Cave.

You collected 5355 gold pieces.
You spent 2201 gold pieces at shops.

Inventory:

Hand Weapons
 a - a +0 executioner's axe of protection
 b - the +0 hunting sling of Nightmares {venom, rN+ Will+ Str+3}
   (You found it on level 6 of the Lair of Beasts)

   It poisons the ammo it fires.
   It affects your strength (+3).
   It protects you from negative energy.
   It affects your willpower, your defense against some magical effects.
 y - the +1 executioner's axe "Inudeh" (weapon) {flame, +Blink rF+ Int+3 Dex-5}
   (Trog gifted it to you on level 2 of the Snake Pit)

   It has been specially enchanted to burn those struck by it, causing extra
   injury to most foes and up to half again as much damage against particularly
   susceptible opponents.
   Big, fiery blades are also staple armaments of hydra-hunters.
   It affects your intelligence (+3).
   It affects your dexterity (-5).
   It protects you from fire.
   It lets you blink.
 M - the +10 dark maul {vorpal}
   (You took it off a naga on level 2 of the Lair of Beasts)

   It inflicts extra damage upon your enemies.
Missiles
 T - 215 sling bullets
Armour
 e - a +2 pair of boots of running (worn)
 D - a +2 pair of gloves (worn)
 L - the +3 cloak of Quesomach (worn) {rC+ SInv}
   (You found it on level 3 of the Elven Halls)

   It protects you from cold.
   It lets you see invisible.
 X - the +5 ice dragon scales of Negligence (worn) {rF- rC++ rCorr Str+5 Int+4 Dex+4}
   (You found it in an ice cave)

   It affects your strength (+5).
   It affects your intelligence (+4).
   It affects your dexterity (+4).
   It makes you vulnerable to fire.
   It greatly protects you from cold.
   It provides partial protection from all sources of acid and corrosion.
Jewellery
 d - a +4 ring of protection
 n - an uncursed ring of willpower
 q - an uncursed ring of positive energy
 r - an uncursed amulet of magic regeneration
 s - the ring of Koighiaf (left hand) {rF+ Slay+4}
   (You took it off a spriggan druid on level 2 of the Swamp)

   [ring of slaying]

   It affects your accuracy and damage with ranged weapons and melee attacks
   (+4).
   It protects you from fire.
 u - an amulet of faith (around neck)
 G - an uncursed ring of willpower
 J - the ring of Pamp (right hand) {rPois rF+ Int+4 Dex+4 Stlth+}
   (You bought it in a shop in a bazaar)

   [ring of protection from fire]

   It affects your intelligence (+4).
   It affects your dexterity (+4).
   It protects you from fire.
   It protects you from poison.
   It makes you more stealthy.
 N - an uncursed ring of protection from fire
Wands
 p - a wand of iceblast (33)
 I - a wand of charming (6)
 Y - a wand of polymorph (8)
 Z - a wand of digging (10)
Scrolls
 f - a scroll of silence
 h - 12 scrolls of teleportation
 j - 2 scrolls of holy word
 k - 6 scrolls of enchant armour
 m - 15 scrolls of remove curse
 o - 7 scrolls of magic mapping
 t - 8 scrolls of blinking
 B - 5 scrolls of fear
 E - 7 scrolls of immolation
 K - 6 scrolls of enchant weapon
 P - 13 scrolls of identify
 Q - a scroll of summoning
 U - 2 scrolls of fog
Potions
 c - 6 potions of ambrosia
 g - 9 potions of lignification
 i - 23 potions of curing
 v - 3 potions of might
 w - 4 potions of invisibility
 z - 9 potions of attraction
 C - 3 potions of resistance
 F - 9 potions of haste
 O - 3 potions of flight
 R - 3 potions of cancellation
 S - 10 potions of heal wounds
Miscellaneous
 l - a lightning rod (4/4)
 x - a box of beasts
 A - a condenser vane
 H - a tin of tremorstones (2/2)
 V - a phial of floods
 W - a lightning rod (4/4)


   Skills:
 + Level 20.4 Fighting
 * Level 25.9 Axes
 + Level 12.8 Slings
 - Level 15.0 Armour
 - Level 15.8 Dodging
 - Level 3.0 Stealth
 + Level 9.6 Evocations


You had 19 spell levels left.
You didn't know any spells.
Your spell library contained the following spells:

 Spells                   Type           Power        Failure   Level
 Animate Skeleton         Necr           0%           43%         1
 Apportation              Tloc           0%           43%         1
 Beastly Appendage        Tmut           0%           43%         1
 Corona                   Hex            0%           43%         1
 Magic Dart               Conj           0%           43%         1
 Shock                    Conj/Air       0%           43%         1
 Sting                    Tmut/Pois      0%           43%         1
 Summon Small Mammal      Summ           0%           43%         1
 Ensorcelled Hibernation  Hex/Ice        0%           58%         2
 Poisonous Vapours        Pois/Air       0%           58%         2
 Searing Ray              Conj           0%           58%         2
 Sublimation of Blood     Necr           0%           58%         2
 Swiftness                Air            0%           58%         2
 Wereblood                Tmut           0%           58%         2
 Confusing Touch          Hex            0%           82%         3
 Dazzling Flash           Conj/Hex       0%           82%         3
 Gell's Gravitas          Tloc           0%           82%         3
 Ignite Poison            Fire/Tmut/Pois 0%           82%         3
 Lesser Beckoning         Tloc           0%           82%         3
 Mephitic Cloud           Conj/Pois/Air  0%           82%         3
 Portal Projectile        Hex/Tloc       0%           82%         3
 Spider Form              Tmut/Pois      0%           82%         3
 Static Discharge         Conj/Air       0%           82%         3
 Tukima's Dance           Hex            0%           82%         3
 Airstrike                Air            0%           99%         4
 Animate Dead             Necr           0%           99%         4
 Cause Fear               Hex            0%           99%         4
 Dispel Undead            Necr           0%           99%         4
 Fulminant Prism          Conj/Hex       0%           99%         4
 Hailstorm                Conj/Ice       0%           99%         4
 Ice Form                 Ice/Tmut       0%           99%         4
 Iskenderun's Mystic Bla  Conj/Tloc      0%           99%         4
 Olgreb's Toxic Radiance  Pois           0%           99%         4
 Petrify                  Tmut/Erth      0%           99%         4
 Summon Lightning Spire   Summ/Air       0%           99%         4
 Blade Hands              Tmut           0%           100%        5
 Borgnjor's Vile Clutch   Necr/Erth      0%           100%        5
 Irradiate                Conj/Tmut      0%           100%        5
 Lightning Bolt           Conj/Air       0%           100%        5
 Metabolic Englaciation   Hex/Ice        0%           100%        5
 Silence                  Hex/Air        0%           100%        5
 Yara's Violent Unravell  Hex/Tmut       0%           100%        5
 Conjure Ball Lightning   Conj/Air       0%           100%        6
 Death Channel            Necr           0%           100%        6
 Hydra Form               Tmut           0%           100%        6
 Invisibility             Hex            0%           100%        6
 Simulacrum               Ice/Necr       0%           100%        6
 Statue Form              Tmut/Erth      0%           100%        6
 Dragon Form              Tmut           0%           100%        7
 Chain Lightning          Conj/Air       0%           100%        8
 Discord                  Hex            0%           100%        8
 Disjunction              Tloc           0%           100%        8
 Ignition                 Fire           0%           100%        8
 Lehudib's Crystal Spear  Conj/Erth      0%           100%        8
 Absolute Zero            Ice            0%           100%        9
 Fire Storm               Conj/Fire      0%           100%        9
 Shatter                  Erth           0%           100%        9
 Tornado                  Air            0%           100%        9


Dungeon Overview and Level Annotations

Branches:
Dungeon (15/15)            Temple (0/1) D:6            Lair (6/6) D:9
  Swamp (4/4) Lair:3        Snake (4/4) Lair:2        Slime (0/5) Lair:6
    Orc (2/2) D:10            Elf (3/3) Orc:2        Vaults (0/5) D:14
 Depths (2/5) D:15          IceCv (visited)

Altars:
Ashenzari
Cheibriados
Dithmenos
Elyvilon
Gozag
Hepliaklqana
Kikubaaqudgha
Makhleb
Okawaru
Ru
Wu Jian
Xom
Yredelemnul
Zin
The Shining One
Beogh

Shops:
D:6 !   Orc:1 x:=*   Orc:2 x**!*   Elf:3 [[((*   Snake:2 [=[?   Depths:1 x

Portals:
Hell: Depths:1 Depths:2
Abyss: Depths:1
Trove: D:15 (give 12 scrolls of teleportation)

Annotations:
Swamp:4 Roxanne


Innate Abilities, Weirdness & Mutations

You reflexively headbutt those who attack you in melee.
You have a pair of horns on your head.


Message History

Unknown command.
You are too injured to fight recklessly!
Unknown command.
You carve the tormentor like a ham!!! You burn the tormentor.
You kill the tormentor!
The hellion gestures at you.
The sphere of damnation explodes!
The damnation engulfs you!!
* * * LOW HITPOINT WARNING * * *
You hear a shout!
You completely miss the ice devil. Your headbutt misses the ice devil.
You carve the ice devil like a ham!!! You burn the ice devil!
You kill the ice devil!
The hellion gestures at you.
The sphere of damnation explodes!
The damnation engulfs you!
* * * LOW HITPOINT WARNING * * *
The deep elf demonologist mumbles some strange words.
The ogre mage barely misses you. The hellion gestures at you.
The sphere of damnation explodes!
The damnation engulfs you!!
You die...

###)...# #......#
#....###
#######....# ##
##.....#....# ###.
#e..#..'§.### +...
#2O.§O.#....# ###.
#2######.2..# ##
#@# #e†..### ###
#.# #e..2ep#
###.##### #####.#
###...2#
#.......####.....#
###.p########
##......#........#
#.#..........
.#.....##)......##
#.#..........
.#.)####........#
#############
....#..#.#......#
#O.#O.#e.#L
.#..#....#.....!##
###########


You could see a balrug (summoned), an ogre mage (invisible), a deep elf
demonologist and a hellion (summoned).

Vanquished Creatures
  The ghost of Qaurghus the Warrior, a veteran TrFi of Makhleb (Elf:1)
  2 liches (Depths:2)
  2 deep elf master archers (Elf:3)
  2 deep elf blademasters (Elf:3)
  Frances (D:12)
  2 tengu reavers (Depths:1)
  Kirke (Swamp:1)
  2 thorn hunters
  Donald (Snake:3)
  A fenstrider witch (Swamp:1)
  A fire giant (Depths:2)
  11 nagarajas
  A frost giant (D:15)
  Aizul (Snake:3)
  An orc warlord (Elf:3)
  2 deep elf sorcerers (Depths:2)
  8 deep elf elementalists (Elf:3)
  A curse skull (Depths:2)
  11 very ugly things
  A spriggan defender (Elf:3)
  6 stone giants
  4 deep elf demonologists
  4 bunyips
  8 deep elf annihilators (Elf:3)
  An ettin (Depths:1)
  A fire dragon (Depths:1)
  7 eleionomae
  4 jiangshi
  A yaktaur captain (Depths:1)
  A shambling mangrove (Swamp:3)
  A deep elf high priest (Elf:3)
  4 great orbs of eyes
  5 deep elf death magi (Elf:3)
  The ghost of Waut the Nimble, a journeyman TeGl of Uskayaw (D:13)
  An ice dragon (Depths:2)
  18 hydras
  4 boulder beetles
  A vault guard (D:14)
  5 ghost crabs (Swamp:2)
  A spriggan air mage (Depths:2)
  10 naga warriors
  6 ogre magi
  11 anacondas
  A catoblepas (Lair:6)
  3 centaur warriors
  9 alligators
  26 dancing weapons
  10 death yaks (Lair:6)
  2 vampire magi
  A deep troll earth mage (D:15)
  23 two-headed ogres
  2 deep troll shamans
  8 tengu warriors
  3 orc high priests
  8 shock serpents
  The ghost of WasteTime5 the Quickloader, a journeyman KoHu of Okawaru (Lair:1)
  11 naga sharpshooters
  A spriggan berserker (Swamp:3)
  5 soul eaters (Depths:2)
  Urug (D:11)
  Sonja (D:12)
  11 deep elf knights
  2 salamander mystics
  4 goliath frogs
  10 sea snakes (Snake:4)
  2 iron trolls (Depths:1)
  12 swamp dragons
  7 spriggan druids
  5 unseen horrors
  2 deep trolls (Depths:1)
  7 naga ritualists
  7 bog bodies
  A lindwurm (Lair:6)
  A necromancer (D:14)
  6 deep elf archers
  2 harpies (Depths:1)
  29 deep elf pyromancers
  6 wizards
  3 orc knights
  A will-o-the-wisp (Swamp:2)
  31 deep elf zephyrmancers
  11 ugly things
  An orb spider (shapeshifter) (D:15)
  5 mana vipers
  5 cyclopes
  4 manticores
  3 orc sorcerers
  15 salamanders
  4 apocalypse crabs (Swamp:2)
  12 elephants
  34 black mambas
  3 ice statues (IceCv)
  7 guardian serpents
  15 naga magi
  An elephant (shapeshifter) (Elf:3)
  Maurice (D:8)
  2 gargoyles
  A rime drake (shapeshifter) (Depths:2)
  A cane toad (shapeshifter) (D:15)
  An efreet (D:15)
  3 rime drakes
  8 komodo dragons
  20 cane toads
  2 tengu conjurers
  2 ice devils (Lair:1)
  14 yaktaurs
  9 polar bears
  2 bloated husks
  4 tyrant leeches
  12 trolls
  Prince Ribbit (D:6)
  8 hornets
  19 blink frogs
  13 slime creatures
  A centaur simulacrum (D:15)
  Sigmund (D:2)
  A shadow (D:14)
  4 air elementals
  7 spriggans
  7 wyverns
  43 yaks
  4 hogs (Swamp:1)
  A water elemental (Elf:3)
  5 wraiths
  A fire elemental (Elf:2)
  A human (shapeshifter) (Depths:1)
  A yak (shapeshifter) (Depths:1)
  20 humans (D:14)
  2 basilisks
  9 vampire mosquitoes
  A steam dragon (Lair:5)
  3 wargs
  19 swamp worms
  65 nagas
  2 acid dragons
  A soldier ant (D:11)
  Duvessa (D:4)
  14 water moccasins
  9 swamp drakes
  29 orc warriors
  6 sky beasts
  12 ice beasts
  An eye of draining (D:9)
  2 black bears (D:7)
  2 phantoms
  15 wolves
  10 centaurs
  A necrophage (D:12)
  29 ogres
  A boggart (shapeshifter) (D:15)
  2 big kobolds
  2 wyvern zombies (D:12)
  16 bullfrogs
  An earth elemental (Orc:2)
  A gnoll sergeant (D:11)
  Dowan (D:4)
  A wyvern skeleton (D:14)
  A water moccasin skeleton (D:8)
  3 scorpions
  20 killer bees
  A howler monkey (D:9)
  11 wights
  6 electric eels
  2 lava snakes (D:10)
  2 quasits
  3 bullfrog zombies
  3 centaur zombies
  5 hounds
  10 jellies
  6 centaur skeletons
  A bullfrog skeleton (D:7)
  13 orc priests
  4 hell rats (Lair:6)
  9 iguanas
  13 worker ants
  25 orc wizards
  A killer bee zombie (D:9)
  A hound zombie (D:8)
  2 hound skeletons
  A worker ant zombie (D:6)
  7 gnolls
  6 adders
  4 shadow imps
  5 white imps
  3 ufetubi
  An ooze (D:6)
  An adder skeleton (D:9)
  3 worms
  A dart slug (D:1)
  11 leopard geckos
  102 orcs
  6 giant cockroaches
  7 hobgoblins
  7 jackals
  5 quokkas
  A ball python (D:3)
  11 bats
  2 frilled lizards (D:1)
  7 goblins
  11 kobolds
  A leopard gecko skeleton (D:5)
  A quokka zombie (D:5)
  9 rats
  20 plants (Depths:1)
1396 creatures vanquished.

Vanquished Creatures (collateral kills)
  A boulder beetle (Lair:5)
  2 hydras
  A centaur warrior (D:14)
  A two-headed ogre (D:11)
  An alligator (Swamp:2)
  A glowing orange brain (D:15)
  A manticore (shapeshifter) (D:15)
  An ugly thing (D:15)
  A cyclops (D:14)
  An efreet (D:9)
  Menkaure (D:7)
  An ogre (D:9)
  A phantom (D:7)
  A wight (D:7)
  A worm (shapeshifter) (D:15)
  An orc (D:11)
  2 kobolds (D:13)
19 creatures vanquished.

Vanquished Creatures (others)
  2 bloated husks
  A tyrant leech (Swamp:2)
  A human (Depths:2)
  A naga (Snake:4)
  A killer bee simulacrum (D:9)
  2 orcs
  A kobold (D:13)
  A briar patch (Swamp:2)
  24 fungi
  81 plants
  2 withered plants (Elf:1)
117 creatures vanquished.

Grand Total: 1532 creatures vanquished

Notes
Turn   | Place    | Note
-------+----------+-------------------------------------------
     0 | D:1      | septik the Minotaur Berserker began the quest for the Orb.
     0 | D:1      | Reached XP level 1. HP: 19/19 MP: 0/0
   164 | D:1      | Reached XP level 2. HP: 25/27 MP: 1/1
   230 | D:1      | Reached skill level 4 in Axes
   348 | D:1      | You fall into a shaft and drop 1 floor!
   362 | D:2      | Noticed Sigmund
   376 | D:2      | Killed Sigmund
   377 | D:2      | Reached skill level 5 in Axes
   377 | D:2      | Reached XP level 3. HP: 34/34 MP: 2/2
   377 | D:2      | Reached XP level 4. HP: 41/41 MP: 3/3
   377 | D:2      | Reached XP level 5. HP: 47/47 MP: 4/4
   467 | D:2      | Found a hazy altar of Hepliaklqana.
   738 | D:2      | Reached ** piety under Trog
  1618 | D:3      | Reached XP level 6. HP: 14/55 MP: 5/5
  2225 | D:4      | Reached skill level 5 in Fighting
  2247 | D:4      | Found a burning altar of Makhleb.
  2248 | D:4      | Found a white marble altar of Elyvilon.
  2248 | D:4      | Found a broken altar of Ashenzari.
  2266 | D:4      | Reached skill level 6 in Axes
  2423 | D:4      | Reached *** piety under Trog
  2555 | D:4      | Noticed Dowan
  2561 | D:4      | Noticed Duvessa
  2578 | D:4      | Killed Duvessa
  2579 | D:4      | Reached XP level 7. HP: 52/60 MP: 6/6
  2580 | D:4      | Killed Dowan
  2727 | D:4      | Reached skill level 7 in Axes
  3382 | D:4      | Found a shimmering altar of Xom.
  3386 | D:4      | Found a snail-covered altar of Cheibriados.
  3386 | D:4      | Found an opulent altar of Gozag.
  3508 | D:4      | Found a basalt altar of Yredelemnul.
  3510 | D:4      | Found an iron altar of Okawaru.
  3641 | D:4      | Reached skill level 5 in Armour
  3828 | D:5      | Entered Level 5 of the Dungeon
  3886 | D:5      | Got a fine copper ring
  3981 | D:5      | Identified the ring of the Will of the Gods {Fire Str+2}
                  | (You found it on level 5 of the Dungeon)
  4410 | D:5      | Reached skill level 8 in Axes
  4410 | D:5      | Reached skill level 5 in Dodging
  4410 | D:5      | Reached XP level 8. HP: 64/70 MP: 7/7
  5206 | D:6      | Found a staircase to the Ecumenical Temple.
  5335 | D:6      | Noticed Prince Ribbit
  5403 | D:6      | Killed Prince Ribbit
  5404 | D:6      | Reached skill level 9 in Axes
  5834 | D:6      | Found Hule's Distillery.
  5837 | D:6      | Bought a potion of might for 52 gold pieces
  5837 | D:6      | Bought a potion of curing for 39 gold pieces
  5837 | D:6      | Bought a potion of heal wounds for 65 gold pieces
  5844 | D:6      | Found a sacrificial altar of Ru.
  6161 | D:7      | Reached **** piety under Trog
  6166 | D:7      | Reached XP level 9. HP: 79/79 MP: 8/8
  6301 | D:7      | Noticed a cyclops
  6307 | D:7      | Killed a cyclops
  6308 | D:7      | Reached skill level 10 in Axes
  6886 | D:7      | Noticed Menkaure
  6900 | D:7      | Killed Menkaure
  6938 | D:7      | Reached skill level 11 in Axes
  7136 | D:7      | Reached XP level 10. HP: 86/90 MP: 9/9
  7520 | D:8      | Found a broken altar of Ashenzari.
  7729 | D:8      | Noticed Maurice
  7751 | D:8      | Killed Maurice
  8129 | D:8      | Reached ***** piety under Trog
  8397 | D:9      | Reached skill level 12 in Axes
  8423 | D:9      | Noticed a two-headed ogre
  8430 | D:9      | Killed a two-headed ogre
  8543 | D:9      | Found a staircase to the Lair.
  8841 | D:9      | Noticed a boulder beetle
  8854 | D:9      | Killed a boulder beetle
  8931 | D:9      | Identified the cursed +1 robe "Vifruasavi" {rElec rF+
                  | Str+4}
  8941 | D:9      | Reached XP level 11. HP: 16/99 MP: 10/10
  9227 | D:9      | Found a runed translucent door.
  9227 | D:9      | Found a runed translucent door.
  9659 | D:10     | Entered Level 10 of the Dungeon
  9689 | D:10     | Killed an unseen horror
  9690 | D:10     | Reached skill level 10 in Fighting
  9690 | D:10     | Reached skill level 13 in Axes
  9842 | D:10     | Found a staircase to the Orcish Mines.
 10300 | Orc:1    | Entered Level 1 of the Orcish Mines
 10300 | Orc:1    | Found Syaguegh's Jewellery Shop.
 10300 | Orc:1    | Noticed an orc sorcerer
 10687 | D:11     | Noticed a two-headed ogre
 10707 | D:11     | Killed a two-headed ogre
 11050 | D:11     | Noticed a two-headed ogre
 11069 | D:11     | Killed a two-headed ogre
 11070 | D:11     | Reached skill level 10 in Armour
 11213 | D:11     | Noticed a boulder beetle
 11227 | D:11     | Killed a boulder beetle
 11654 | D:11     | Noticed Urug
 11668 | D:11     | Killed Urug
 11669 | D:11     | Reached skill level 14 in Axes
 12180 | D:12     | Noticed a brown ugly thing
 12196 | D:12     | Killed a brown ugly thing
 12868 | D:12     | Reached XP level 12. HP: 110/110 MP: 11/11
 12950 | D:12     | Noticed an eight-headed hydra
 12963 | D:12     | Killed an eight-headed hydra
 12964 | D:12     | Reached skill level 10 in Dodging
 13713 | D:13     | Reached skill level 15 in Axes
 13719 | D:13     | Noticed a two-headed ogre
 13763 | D:13     | Noticed Sonja
 13780 | D:12     | Killed Sonja
 13824 | D:13     | Noticed a centaur warrior
 13959 | D:12     | Killed a centaur warrior
 14026 | D:13     | Noticed Frances
 14106 | D:12     | Received a gift from Trog
 14225 | D:12     | Killed a two-headed ogre
 14469 | D:12     | Killed Frances
 14807 | D:13     | Noticed a seven-headed hydra
 14814 | D:13     | Killed an eight-headed hydra
 14815 | D:13     | Reached skill level 16 in Axes
 14921 | D:13     | Found a runed translucent gate.
 14921 | D:13     | Found a runed translucent gate.
 14921 | D:13     | Found a runed translucent gate.
 14922 | D:13     | Noticed Waut's ghost (journeyman TeGl)
 14936 | D:13     | Killed Waut's ghost
 15198 | D:13     | Reached XP level 13. HP: 118/118 MP: 12/12
 17311 | D:14     | Found a gate to the Vaults.
 17712 | D:15     | Entered Level 15 of the Dungeon
 18041 | D:14     | Reached skill level 17 in Axes
 18380 | D:15     | HP: 3/122 [yaktaur/bolt (10)]
 19499 | D:15     | Found an ancient bone altar of Kikubaaqudgha.
 19587 | D:15     | Noticed a frost giant
 19692 | D:15     | Killed a frost giant
 20121 | D:15     | Found an ornate altar of the Wu Jian Council.
 20162 | D:15     | Found a shimmering altar of Xom.
 20247 | D:15     | Found a portal to a secret trove of treasure.
 20297 | D:15     | Received a gift from Trog
 20348 | D:15     | Reached XP level 14. HP: 115/129 MP: 4/13
 21139 | D:15     | Found a staircase to the Depths.
 21221 | Depths:1 | Entered Level 1 of the Depths
 21221 | Depths:1 | Noticed a stone giant
 21334 | Depths:1 | Killed a stone giant
 21361 | D:15     | Reached skill level 18 in Axes
 22004 | Orc:1    | Found Zilyzasa's Book Boutique.
 22262 | Orc:1    | Found Ypaprovo's Gadget Emporium.
 22278 | Orc:1    | Found a roughly hewn altar of Beogh.
 22448 | Orc:1    | Found Ucoa's Assorted Antiques.
 22541 | Orc:2    | Entered Level 2 of the Orcish Mines
 22562 | Orc:2    | Paralysed by an orc sorcerer for 4 turns
 22840 | Orc:2    | Received a gift from Trog
 22891 | Orc:2    | Found Vyadeasi's Assorted Antiques.
 23160 | Orc:2    | Found Ymunit Paa's Gadget Emporium.
 23160 | Orc:2    | Found Cunarph's General Store.
 23163 | Orc:2    | Found Doephock's Assorted Antiques.
 23163 | Orc:2    | Found Rydenor's Distillery.
 23524 | Orc:2    | Paralysed by something for 5 turns
 24438 | Orc:2    | Bought 2 potions of invisibility for 224 gold pieces
 24438 | Orc:2    | Bought a potion of heal wounds for 70 gold pieces
 24439 | Orc:2    | Bought a scroll labelled HESTOI MABLO for 25 gold pieces
 24622 | Orc:2    | Found a roughly hewn altar of Beogh.
 24631 | Orc:2    | Reached skill level 19 in Axes
 24723 | Orc:2    | Found a staircase to the Elven Halls.
 25028 | Lair:1   | Entered Level 1 of the Lair of Beasts
 25040 | Lair:1   | Found a transporter.
 25041 | Lair:1   | Noticed WasteTime5's ghost (journeyman KoHu)
 25047 | Lair:1   | Found a transporter.
 25070 | Lair:1   | Found a frozen archway.
 25083 | Lair:1   | Reached XP level 15. HP: 119/139 MP: 4/14
 25165 | IceCv    | Entered an ice cave
 25181 | IceCv    | Received a gift from Trog
 26131 | IceCv    | Got spiked ice dragon scales
 26142 | IceCv    | Identified the +5 ice dragon scales of Negligence {rF- rC++
                  | rCorr Str+5 Int+4 Dex+4} (You found it in an ice cave)
 26259 | Lair:1   | Killed WasteTime5's ghost
 26792 | Lair:1   | Found a glowing silver altar of Zin.
 28008 | Lair:2   | Found a staircase to the Snake Pit.
 28200 | Lair:3   | Found a staircase to the Swamp.
 28261 | Lair:3   | Upgraded the game from 0.27-a0-216-g1fbed8a51c to
                  | 0.27-a0-223-ge082b6e869
 28891 | Lair:3   | You fall into a shaft and drop 1 floor!
 29050 | Lair:3   | You fall into a shaft and drop 1 floor!
 29776 | Lair:4   | Reached ****** piety under Trog
 30095 | Lair:4   | Reached skill level 15 in Fighting
 30963 | Lair:5   | Got a brightly glowing broad axe
 30964 | Lair:5   | Identified the cursed +2 broad axe "Kulaukod" {vorpal,
                  | Dex+3} (You found it on level 5 of the Lair of Beasts)
 31061 | Lair:5   | Reached skill level 20 in Axes
 31254 | Lair:5   | Identified a scroll of acquirement
 31336 | Lair:6   | Entered Level 6 of the Lair of Beasts
 31400 | Lair:6   | Found a staircase to the Slime Pits.
 31425 | Lair:6   | Reached skill level 15 in Armour
 31430 | Lair:6   | Reached skill level 1 in Evocations
 31439 | Lair:6   | Received a gift from Trog
 31897 | Lair:6   | Identified the Disquisition on Fetching Unholy Magic
 32240 | Lair:6   | Reached XP level 16. HP: 144/149 MP: 5/15
 32329 | Lair:6   | Received a gift from Trog
 32365 | Lair:6   | Got an encrusted hunting sling
 32366 | Lair:6   | Identified the cursed +0 hunting sling of Nightmares
                  | {venom, rN+ Will+ Str+3} (You found it on level 6 of the
                  | Lair of Beasts)
 32726 | Swamp:1  | Entered Level 1 of the Swamp
 32873 | Swamp:1  | Reached skill level 1 in Stealth
 32878 | Swamp:1  | Reached skill level 1 in Slings
 33262 | Swamp:1  | Noticed Kirke
 33505 | Swamp:1  | Killed Kirke
 33694 | Swamp:1  | Found the +9 staff of Wucad Mu {channel}
 34375 | Swamp:2  | Upgraded the game from 0.27-a0-223-ge082b6e869 to
                  | 0.27-a0-242-ge0fc76b88b
 34474 | Swamp:2  | Reached skill level 21 in Axes
 34535 | Swamp:2  | Acquired a scarf of shadows
 34852 | Swamp:2  | Found a runed translucent door.
 35519 | Swamp:2  | Noticed a thorn hunter
 35532 | Swamp:2  | Received a gift from Trog
 35654 | Swamp:2  | Identified the ring of Koighiaf {rF+ Slay+4}
 38278 | Elf:1    | Entered Level 1 of the Elven Halls
 38646 | Orc:1    | Upgraded the game from 0.27-a0-242-ge0fc76b88b to
                  | 0.27-a0-277-g024f7ef292
 39692 | Swamp:4  | Entered Level 4 of the Swamp
 39766 | Swamp:4  | Reached XP level 17. HP: 154/158 MP: 5/16
 39771 | Swamp:4  | Reached skill level 5 in Slings
 39771 | Swamp:4  | Reached skill level 15 in Dodging
 40170 | Swamp:4  | Received a gift from Trog
 42287 | Swamp:4  | Reached skill level 22 in Axes
 42473 | Swamp:3  | HP: 7/160 [poisoned by a swamp dragon (poison gas)]
 42478 | Swamp:3  | HP: 5/160 [poisoned by a swamp dragon (poison gas)]
 42483 | Swamp:3  | HP: 4/160 [poisoned by a swamp dragon (poison gas)]
 42488 | Swamp:3  | HP: 4/160 [poisoned by a swamp dragon (poison gas)]
 42493 | Swamp:3  | HP: 5/160 [poisoned by a swamp dragon (poison gas)]
 42985 | Swamp:4  | Noticed Roxanne
 43347 | Swamp:4  | Got a decaying rune of Zot
 43469 | Snake:1  | Entered Level 1 of the Snake Pit
 43479 | Snake:1  | Found a shadowy altar of Dithmenos.
 44337 | Snake:1  | Received a gift from Trog
 45494 | Snake:2  | Found Yticof Qeum's Antique Armour Emporium.
 45495 | Snake:2  | Found Xinuur's Magic Scroll Emporium.
 45495 | Snake:2  | Found Woegev's Armour Shoppe.
 45530 | Snake:2  | Found Aghysidd's Jewellery Shoppe.
 46569 | Snake:2  | Got a faintly glowing long sword
 46570 | Snake:2  | Identified the +11 long sword of Fragile Peace {flame,
                  | rPois rN+ Int+5 Dex+2} (You found it on level 2 of the
                  | Snake Pit)
 46864 | Snake:2  | Received a gift from Trog
 46868 | Snake:2  | Got a polished executioner's axe {god gift}
 46869 | Snake:2  | Identified the +1 executioner's axe "Inudeh" {flame, +Blink
                  | rF+ Int+3 Dex-5} (Trog gifted it to you on level 2 of the
                  | Snake Pit)
 47309 | Snake:2  | Reached XP level 18. HP: 170/170 MP: 17/17
 47655 | Snake:3  | Got a translucent ring mail
 47666 | Snake:3  | Identified the cursed +1 ring mail of the Eternal Fruit
                  | {*Drain +Blink Dex-2 Slay+6} (You found it on level 3 of
                  | the Snake Pit)
 47873 | Snake:3  | Noticed Donald
 47889 | Snake:3  | Killed Donald
 47913 | Snake:3  | Found a flickering gateway to a bazaar.
 47919 | Bazaar   | Entered a bazaar
 47919 | Bazaar   | Found Vosiu's Antique Weapon Shop.
 47919 | Bazaar   | Found Gaclugo's General Store.
 48170 | Bazaar   | Bought a potion of might for 32 gold pieces
 48170 | Bazaar   | Bought the ring of Pamp {rPois rF+ Int+4 Dex+4 Stlth+} for
                  | 446 gold pieces
 48170 | Bazaar   | Bought a scroll of enchant weapon for 60 gold pieces
 48170 | Bazaar   | Bought a scroll of magic mapping for 28 gold pieces
 48181 | Bazaar   | Found Feasocul's Antique Armour Emporium.
 48192 | Bazaar   | Found Wathiehe's Jewellery Boutique.
 48212 | Bazaar   | Found Vohuhawn's Magic Scroll Emporium.
 48220 | Bazaar   | Bought a scroll of identify for 24 gold pieces
 48220 | Bazaar   | Bought a scroll of remove curse for 36 gold pieces
 48220 | Bazaar   | Bought a scroll of acquirement for 624 gold pieces
 48220 | Bazaar   | Bought a scroll of remove curse for 36 gold pieces
 48220 | Bazaar   | Bought a scroll of enchant armour for 90 gold pieces
 48220 | Bazaar   | Bought a scroll of enchant armour for 90 gold pieces
 48220 | Bazaar   | Bought a scroll of enchant armour for 90 gold pieces
 48227 | Bazaar   | Acquired a +0 pair of boots of running
 48891 | Snake:3  | Reached skill level 23 in Axes
 48897 | Snake:3  | Noticed Aizul
 48911 | Snake:3  | Killed Aizul
 49145 | Snake:3  | Received a gift from Trog
 49613 | Snake:4  | Entered Level 4 of the Snake Pit
 50123 | Snake:4  | Found a glowing golden altar of the Shining One.
 50481 | Snake:4  | Reached skill level 5 in Evocations
 50481 | Snake:4  | Received a gift from Trog
 51331 | Snake:4  | Received a gift from Trog
 51364 | Snake:4  | HP: 8/172 [naga sharpshooter/bolt (24)]
 52077 | Snake:4  | Got a serpentine rune of Zot
 52699 | Elf:1    | Reached XP level 19. HP: 162/179 MP: 18/18
 53011 | Elf:1    | Reached skill level 10 in Slings
 53320 | Elf:1    | Found a runed translucent door.
 53320 | Elf:1    | Noticed Qaurghus's ghost (veteran TrFi)
 53480 | Elf:1    | Received a gift from Trog
 53595 | Elf:1    | Killed Qaurghus's ghost
 53596 | Elf:1    | Reached skill level 24 in Axes
 53663 | Elf:2    | Found an ancient bone altar of Kikubaaqudgha.
 54087 | Elf:2    | Found a runed translucent gate.
 54087 | Elf:2    | Found a runed translucent gate.
 54087 | Elf:2    | Found a runed translucent gate.
 54592 | Elf:2    | Received a gift from Trog
 54965 | Elf:3    | Entered Level 3 of the Elven Halls
 55037 | Elf:3    | Found Ixeozoso's Incredible Inventory.
 56264 | Elf:3    | Received a gift from Trog
 56545 | Elf:3    | Found Adonesud's Weapon Emporium.
 56545 | Elf:3    | Found Didaufee's Weapon Emporium.
 56549 | Elf:3    | Found Voshretee's Antique Armour Emporium.
 56573 | Elf:3    | Found Wituiset's Armour Emporium.
 56700 | Elf:3    | Identified the cursed +2 great sword of Wohoer {vorpal, rF+
                  | Will+ Int-3}
 57329 | Elf:3    | Identified the +9 short sword of Eczevaga {vorpal, +Blink
                  | Int+3}
 57434 | Elf:3    | Identified the +3 dagger "Noury" {drain, rPois rN+ Dex-5}
 57478 | Elf:3    | Reached XP level 20. HP: 165/191 MP: 19/19
 57601 | Elf:3    | Identified the +9 morningstar of Temperance {flame, Will+}
 57601 | Elf:3    | Identified the +1 robe of the Sky {rElec rCorr}
 57631 | Elf:3    | Received a gift from Trog
 57833 | Elf:3    | Identified the +8 plate armour "Xyah" {rPois rCorr}
 57848 | Elf:3    | Reached skill level 25 in Axes
 58231 | Elf:3    | Identified the Almanac of Moulding and Malediction
 58233 | Elf:3    | Identified the Compendium of the Snowflakes and Dislocation
 58300 | Elf:3    | Upgraded the game from 0.27-a0-277-g024f7ef292 to
                  | 0.27-a0-279-gdfb9265905
 58599 | Elf:3    | Got a fine cloak
 58610 | Elf:3    | Identified the +3 cloak of Quesomach {rC+ SInv} (You found
                  | it on level 3 of the Elven Halls)
 59483 | Depths:1 | Found Apagidd's Gadget Shoppe.
 59491 | Depths:1 | Bought a wand of polymorph (8) for 170 gold pieces
 60062 | Depths:1 | Found a one-way gate to the infinite horrors of the Abyss.
 60164 | Depths:1 | Received a gift from Trog
 60473 | Depths:1 | Found a gateway to Hell.
 61680 | Depths:2 | Found a runed door.
 62285 | Depths:2 | HP: 12/292 [hellion/damnation[a deep elf demonologist]
                  | (21)]
 62287 | Depths:2 | HP: 2/292 [hellion/damnation[a deep elf demonologist] (11)]
 62288 | Depths:2 | Killed from afar by a hellion

Illustrated notes

Levels and vault maps discovered:
D:1:      dpeg_arrival_refuge, layout_rooms, glass_columns_c,
          minmay_misc_feat_plants
D:2:      layout_loops_ring, old_standard_altar, uniq_sigmund
D:3:      layout_basic, minmay_misc_feat_iff
D:4:      layout_basic, minmay_overflow_temple_star_hex,
          chequers_temple_overflow_statue_of_worship, uniq_duvessa
D:5:      layout_loops_corners
D:6:      layout_cave_pools, nicolae_ru_awakened_eye, temple_pool_b,
          serial_shops, kennysheep_mini, uniq_prince_ribbit1
D:7:      nzn_winding_woodlands_medium [nzn_winding_woodlands_5x5_open_star,
          nzn_winding_woodlands_5x15_sawtooth, nzn_winding_woodlands_hourglass,
          nzn_winding_woodlands_5x5_three,
          nzn_winding_woodlands_center_diamonds,
          nzn_winding_woodlands_5x5_perimeter,
          nzn_winding_woodlands_5x5_checkerboard,
          nzn_winding_woodlands_5x15_garden, nzn_winding_woodlands_5x5_default],
          layout_basic, uniq_menkaure
D:8:      minmay_angry_zag, layout_rooms, basic_altar, worms_lemuel,
          uniq_maurice
D:9:      minmay_the_grid_triangle_9x9_recursive_2_mashed
          [minmay_the_grid_triangle_9x9_prize_center,
          minmay_the_grid_triangle_9x9_tough_junction,
          minmay_the_grid_triangle_9x9_intruding_spiral,
          minmay_the_grid_triangle_9x9_stretched_checkered], layout_loops_cross,
          lair_entry_dummy
D:10:     lemuel_flame_loot_2, layout_cross
D:11:     layout_basic, chequers_mini_garden, uniq_urug
D:12:     layout_grid_maze
D:13:     layout_small_grid, special_room [special_room_orc],
          ebering_ghost_rock_garden, uniq_sonja, uniq_frances
D:14:     layout_loops_corners, grunt_vaults_entry_tiered, serial_bayou_shore_a,
          serial_co_window_serial, co_window_corner_a, co_window_paths_a,
          co_window_of_opportunity_a, co_window_paths_b,
          co_window_of_opportunity_a, co_window_corner_a, co_window_corner_a,
          co_window_corner_ca, co_window_of_opportunity_c, co_window_corner_ca,
          co_window_2corner, co_window_corner_b, co_window_corner_b,
          co_window_4corner_a, co_window_paths_d, glass_columns_a
D:15:     gammafunk_enter_depths_forms, layout_cave_pools, enter_trove_1,
          serial_park_square2, jmf_multi_god_temple
Lair:1:   layout_gridlike, portal_ice_cave_demonic_guard, gammafunk_ghost_arena,
          basic_altar, serial_bayou_lagoon_b, serial_bayou_shore_b
Lair:2:   layout_misc_corridors, minmay_snake_entry_guardpost_medium
Lair:3:   layout_cave_pods, swamp_mist
Lair:4:   layout_roguey, beast_lair_carwin_1, serial_bayou_shore_b
Lair:5:   layout_concentric_octagons, lemuel_fruit_fields
Lair:6:   grunt_lair_end_beastmaster, layout_regular_city,
          minmay_slime_entry_pillars, grunt_forest_small_clearing_treed,
          grunt_megastairs_3, lemuel_fruit_fields, lemuel_fruit_tree,
          lemuel_fruit_fields
Swamp:1:  layout_falls_marsh, evilmike_swamp_ruin_house_4,
          nicolae_swamp_fairy_circle, uniq_kirke
Swamp:2:  gammafunk_mikee_crab_dinner, layout_basic_swamp,
          evilmike_swamp_ruin_wall, swamp_pool4, infiniplex_staircase_pool
Swamp:3:  layout_basic_swamp, nicolae_swamp_orc_logging_accident, swamp_pool1
Swamp:4:  swamp_basic_johnstein, layout_basic_swamp, swamp_pool4,
          statue_in_the_mist_lemuel, uniq_roxanne
Snake:1:  layout_rooms, basic_altar
Snake:2:  layout_layer_cave, grunt_megastairs_2, minmay_shoptagon
Snake:3:  layout_grid_shapes, serial_shops, bzr_entry_road,
          hangedman_snake_pattern, grunt_megastairs_4, uniq_donald, uniq_aizul
Snake:4:  grunt_snake_rune_pools, layout_cave_town, basic_altar, st_stairs_8
Orc:1:    layout_diamond_mine, serial_shops, shop, nicolae_shop_behind_doors,
          shop, nicolae_shop_stone, basic_altar
Orc:2:    st_orc_ogre_mass, layout_caves, serial_shops, shop,
          kennysheep_orc_chapel
Elf:1:    minmay_elf_arrival_circle, layout_geoelf_octagon,
          gammafunk_ghost_grave, hangedman_elven_crosses_minicolossus
Elf:2:    layout_loops_ring, basic_altar
Elf:3:    grunt_elf_hall_asides, layout_geoelf_castle, minmay_shop_grid_forest,
          nicolae_alphabet_shops, sword_in_stone
Depths:1: layout_gridlike, hell_entry, chequers_decorated_corner, abyss_entry,
          hex_large, nrook_pool_corridor, serial_sigils_hangedman_writhe,
          minmay_misc_feat_nine_boxes, hangedman_aviary, minmay_shop_star
Depths:2: evilmike_wizard_prison, layout_honeycomb, hell_entry, minmay_holes,
          minmay_misc_feat_hallway, infiniplex_staircase_pool_1

Skill      XL: |  1  2  3  4  5  6  7  8  9 10 11 12 13 14 15 16 17 18 19 20 |
---------------+-------------------------------------------------------------+-----
Axes           | 5 6 8 9 11 12 14 16 17 19 20 21 22 23 24 25 | 25.9
Fighting       | 4 5 6 7 8 9 11 12 13 14 15 16 17 18 19 20 | 20.4
Armour         | 3 4 5 6 8 9 10 12 13 14 15 | 15.0
Dodging        | 3 4 5 6 7 8 9 11 12 13 14 15 | 15.8
Evocations     | 2 3 6 8 9 |  9.6
Stealth        | 3 |  3.0
Slings         | 4 7 9 11 12 | 12.8

Action                   |  1- 3 |  4- 6 |  7- 9 | 10-12 | 13-15 | 16-18 | 19-21 || total
-------------------------+-------+-------+-------+-------+-------+-------+-------++-------
Melee: Hand axe          |    31 |    64 |    41 |       |       |       |       ||   136
       Headbutt          |     6 |    26 |    51 |   112 |   242 |   287 |   286 ||  1010
       Whip              |       |    70 |    37 |    11 |       |       |       ||   118
       War axe           |       |       |   210 |       |       |       |       ||   210
       Battleaxe         |       |       |       |   483 |   235 |       |       ||   718
       Executioner's axe |       |       |       |       |   640 |   883 |   765 ||  2288
       Maul              |       |       |       |       |    36 |    63 |       ||    99
       Lajatang          |       |       |       |       |     3 |       |       ||     3
 Fire: Hunting sling     |       |       |       |       |       |    20 |       ||    20
Invok: Berserk           |     1 |     2 |    11 |    34 |    40 |    20 |    12 ||   120
       Trog's Hand       |       |     1 |     1 |     2 |     4 |     2 |       ||    10
       Brothers in Arms  |       |       |     1 |     5 |     3 |     3 |       ||    12
 Abil: Evoke Blink       |       |       |       |       |       |       |     2 ||     2
Evoke: Wand              |       |       |       |       |       |     1 |       ||     1
  Use: Potion            |       |     1 |       |     1 |       |     3 |     1 ||     6
       Scroll            |       |       |     6 |       |    22 |    28 |     3 ||    59
 Stab: Petrified         |       |       |       |       |       |     5 |       ||     5
       Sleeping          |       |       |       |       |       |       |     2 ||     2
Armor: Animal skin       |     4 |       |       |       |       |       |       ||     4
       Scale mail        |    12 |    49 |    90 |       |       |       |       ||   151
       Skin              |       |     8 |     1 |       |       |       |       ||     9
       Chain mail        |       |       |     5 |     3 |       |       |       ||     8
       Plate armour      |       |       |       |   405 |   407 |       |       ||   812
       Ice dragon scales |       |       |       |       |   133 |   620 |   221 ||   974
       Swamp dragon scal |       |       |       |       |       |    36 |       ||    36
Dodge: Dodged            |    26 |    81 |   166 |   422 |   771 |  1237 |   465 ||  3168

Table legend: (Time is in decaauts)
 A = Elapsed time spent in this place.
 B = Non-inter-level travel time spent in this place.
 C = Inter-level travel time spent in this place.
 D = Time resting spent in this place.
 E = Time spent auto-exploring this place.
 F = Levels seen in this place.
 G = Mean time per level.
                   A        B        C        D        E       F      G
               +--------+--------+--------+--------+--------+-----+--------+
         Total |  63050 |  59554 |   3496 |  18422 |  30328 |  38 | 1659.2 |
       Dungeon |  24316 |  22258 |   2058 |   6497 |  11994 |  15 | 1621.1 |
          Lair |   8047 |   7696 |    351 |   1133 |   5280 |   6 | 1341.2 |
         Swamp |   8599 |   8179 |    420 |   4135 |   2733 |   4 | 2149.8 |
     Snake Pit |   8044 |   7843 |    201 |   2097 |   4102 |   4 | 2011.0 |
  Orcish Mines |   3533 |   3376 |    157 |   1518 |   1203 |   2 | 1766.5 |
   Elven Halls |   5994 |   5695 |    299 |   1405 |   3093 |   3 | 1998.0 |
        Depths |   3117 |   3109 |      8 |    566 |   1842 |   2 | 1558.5 |
        Bazaar |    345 |    345 |      0 |    240 |     64 |   1 |  345.0 |
      Ice Cave |   1049 |   1049 |      0 |    828 |     14 |   1 | 1049.0 |
               +--------+--------+--------+--------+--------+-----+--------+

Top non-repeatable levels by time:
 Swamp:3: 3794 daAuts
    D:14: 3742 daAuts
   Elf:3: 3156 daAuts
    D:12: 3078 daAuts
    D:15: 2653 daAuts
 Snake:2: 2575 daAuts
 Swamp:2: 2488 daAuts
 Snake:4: 2445 daAuts
  Lair:3: 1998 daAuts
   Orc:1: 1930 daAuts
Depths:1: 1887 daAuts
    D:11: 1781 daAuts
   Elf:2: 1648 daAuts
   Orc:2: 1602 daAuts
 Snake:1: 1599 daAuts
